 Dungeon Crawl Stone Soup version 0.32-a0-931-g5a2cda0630 (webtiles) character file.

Game seed: 8634751052536235456

976 gohu the Cleaver (level 7, -4/60 HPs)
             Began as a Mountain Dwarf Fighter on Apr 13, 2024.
             Was an Initiate of Makhleb.
             Slain by a hound (5 damage)
             ... while paralysed by Grinder
             ... on level 5 of the Dungeon.
             The game lasted 00:06:47 (4758 turns).

gohu the Cleaver (Mountain Dwarf Fighter)           Turns: 4758, Time: 00:06:48

Health: -4/60      AC: 13    Str: 21    XL:     7   Next: 95%
Magic:  7/7        EV:  2    Int:  8    God:    Makhleb [......]
Gold:   277        SH:  0    Dex:  9    Spells: 6/6 levels left

rFire   . . .        a - +0 war axe
rCold   . . .        c - +0 buckler
rNeg    . . .        e - +0 chain mail
rPois   .            (no helmet)
rElec   .            y - +2 cloak
rCorr   +            (no gloves)
SInv    .            (no boots)
Will    .....        (no amulet) Stlth
                     h - ring of resist corrosion
HPRegen 0.30/turn    (no ring)
MPRegen 0.10/turn

%: no passive effects
@: paralysed, lethally poisoned (-4 -> -11)
A: runic magic, artefact enchanting
a: Renounce Religion


You were on level 5 of the Dungeon.
You worshipped Makhleb.
Makhleb was noncommittal.
You visited 2 branches of the dungeon, and saw 7 of its levels.

You collected 277 gold pieces.

Inventory:

Hand Weapons
 a - a +0 war axe (weapon)
Armour
 b - a +0 scale mail
 c - a +0 buckler (worn)
 d - a +0 chain mail
 e - a +0 chain mail (worn)
 y - a +2 cloak (worn)
Jewellery
 h - a ring of resist corrosion (left hand)
Wands
 x - a wand of paralysis (7)
Scrolls
 f - 3 scrolls of enchant armour {unknown}
 g - 3 scrolls of vulnerability {unknown}
 i - 11 scrolls of identify {unknown}
 j - 2 scrolls of enchant weapon {unknown}
 m - a scroll of fear {unknown}
 p - 2 scrolls of poison {unknown}
 s - 2 scrolls of noise {unknown}
 u - 2 scrolls of blinking {unknown}
 v - a scroll of teleportation {unknown}
Potions
 k - 2 potions of attraction {unknown}
 l - 2 potions of brilliance {unknown}
 n - 4 potions of curing {unknown}
 o - a potion of haste {unknown}
 q - 2 potions of mutation {unknown}
 r - a potion of heal wounds {unknown}
 t - a potion of lignification {unknown}
 w - a potion of resistance {unknown}


   Skills:
 + Level 4.7 Fighting
 * Level 9.3 Axes
 + Level 5.1 Armour
 + Level 4.1 Shields


You had 6 spell levels left.
You didn't know any spells.
Your spell library contained the following spells:

 Spells                   Type           Power      Damage    Failure   Level
 Chain Lightning          Conj/Air       0%         N/A       100%        9
 Fire Storm               Conj/Fire      0%         5d1       100%        9
 Shatter                  Erth           0%         3d5*      100%        9


Dungeon Overview and Level Annotations

Branches:
Dungeon (6/15)             Temple (1/1) D:6

Altars:
Ashenzari
Cheibriados
Dithmenos
Fedhas
Gozag
Hepliaklqana
Kikubaaqudgha
Makhleb
Okawaru
Qazlal
Ru
Sif Muna
Uskayaw
Vehumet
Wu Jian
Xom
Zin
The Shining One

Annotations:
D:5 3 runed translucent doors, Autsider's ghost, novice OnHW; Autsider's ghost, novice SpAl; Grinder; Prince Ribbit


Innate Abilities, Weirdness & Mutations

Your spellcasting is much less encumbered by armour.
You can use scrolls of enchantment on lesser artefacts.


Message History

You completely miss the phantom. You hit the scorpion but do no damage.
The scorpion stings you but does no damage.
The hound bites you. Grinder hits you but does no damage. The hound bites you.
Prince Ribbit hits you but does no damage.
The phantom hits you but does no damage.
The hound bites you.
The scorpion stings you but does no damage.
You hit the hound.
The hound is severely wounded.
You slash the hound! You miss Prince Ribbit. You hit Grinder but do no damage.
You hit the phantom but do no damage. You hit the scorpion.
The hound bites you.
* * * LOW HITPOINT WARNING * * *
Grinder gestures at you.
You suddenly lose the ability to move!
Prince Ribbit hits you but does no damage.
The hound bites you but does no damage.
The phantom hits you but does no damage.
The hound bites you.
* * * LOW HITPOINT WARNING * * *
The scorpion stings you but does no damage.
Prince Ribbit blinks!
The hound bites you.
* * * LOW HITPOINT WARNING * * *
Grinder gestures at you. You resist with some effort.
The hound bites you but does no damage.
The phantom hits you but does no damage.
The scorpion stings you but does no damage.
The hound bites you.
* * * LOW HITPOINT WARNING * * *
The hound bites you but does no damage. Grinder hits you.
* * * LOW HITPOINT WARNING * * *
You writhe in agony.
* * * LOW HITPOINT WARNING * * *
The scorpion stings you.
* * * LOW HITPOINT WARNING * * *
You are lethally poisoned!
The scorpion poisons you! The hound bites you but does no damage.
The phantom hits you but does no damage.
The hound bites you.
You die...

###....##.## ###+++####...
.......##..# ♣.....W.♣#..#
.......###.# ...... ##.#
.........#.# ...... .#
.........#.#### ..... .#
.........#...§# .... .#
.........####'########
......†..##....h.§...########
.........##....s@5..........#
.##########.....hW..........#
.# #.....F...........# .#
#.................# ..
#............(....# ..
#.....#######....##.#. ...
#...### #......... ... ##..
#.......## .... #..
#........#


You could see Prince Ribbit, Grinder, a phantom, a scorpion and 2 hounds.

Vanquished Creatures
  Sigmund (D:3)
  Eustachio (D:4)
  An ice beast (D:5)
  2 ogres (D:4)
  3 bombardier beetles (D:5)
  2 jellies (D:6)
  2 hounds
  Terence (D:3)
  2 iguanas
  3 adders
  6 dart slugs
  4 orcs (D:5)
  7 ball pythons
  5 bats
  7 endoplasms
  4 giant cockroaches
  6 goblins
  8 hobgoblins
  5 jackals
  4 quokkas
  3 frilled lizards
  5 kobolds
  5 rats
87 creatures vanquished.

Vanquished Creatures (others)
  An angel (D:4)
1 creature vanquished.

Grand Total: 88 creatures vanquished

Notes
Turn   | Place    | Note
-------+----------+-------------------------------------------
     0 | D:1      | gohu the Mountain Dwarf Fighter began the quest for the
                  | Orb.
     0 | D:1      | Reached XP level 1. HP: 19/19 MP: 1/1
   212 | D:1      | Reached XP level 2. HP: 20/26 MP: 2/2
   374 | D:1      | Found a faded altar of an unknown god.
   653 | D:1      | Reached skill level 3 in Axes
   809 | D:1      | Reached XP level 3. HP: 24/31 MP: 3/3
  1844 | D:3      | Noticed Terence
  1849 | D:3      | Killed Terence
  1850 | D:3      | Reached skill level 4 in Axes
  1850 | D:3      | Reached XP level 4. HP: 32/40 MP: 4/4
  1936 | D:3      | Noticed Sigmund
  1962 | D:4      | Noticed an ogre
  2007 | D:4      | Killed an ogre
  2008 | D:4      | Reached skill level 5 in Axes
  2008 | D:4      | Reached XP level 5. HP: 46/46 MP: 5/5
  2041 | D:4      | Killed an angel
  2176 | D:4      | Found a glowing silver altar of Zin.
  2177 | D:4      | Found a shimmering altar of Xom.
  2235 | D:4      | Found a radiant altar of Vehumet.
  2424 | D:4      | Noticed an ogre
  2463 | D:4      | Killed an ogre
  2464 | D:4      | Reached skill level 6 in Axes
  2464 | D:4      | Reached XP level 6. HP: 14/52 MP: 6/6
  2673 | D:4      | Noticed Eustachio
  2760 | D:4      | Found a snail-covered altar of Cheibriados.
  3273 | D:3      | Found a hazy altar of Hepliaklqana.
  3325 | D:3      | Found an ancient bone altar of Kikubaaqudgha.
  3327 | D:3      | Found a blossoming altar of Fedhas.
  3541 | D:3      | You fall into a shaft and drop 3 floors!
  3562 | D:6      | Found a staircase to the Ecumenical Temple.
  3585 | Temple   | Entered the Ecumenical Temple
  3599 | Temple   | Became a worshipper of Makhleb the Destroyer
  3662 | D:6      | Reached skill level 7 in Axes
  3689 | D:5      | Entered Level 5 of the Dungeon
  3689 | D:5      | Found a runed translucent gate.
  3689 | D:5      | Found a runed translucent gate.
  3689 | D:5      | Found a runed translucent gate.
  3697 | D:5      | Noticed Autsider's ghost (novice OnHW)
  3697 | D:5      | Noticed Autsider's ghost (novice SpAl)
  3814 | D:4      | Killed Eustachio
  3815 | D:4      | Reached XP level 7. HP: 20/59 MP: 7/7
  4211 | D:3      | Killed Sigmund
  4212 | D:3      | Reached skill level 8 in Axes
  4545 | D:5      | Reached skill level 5 in Armour
  4557 | D:5      | Reached skill level 9 in Axes
  4730 | D:5      | Noticed Grinder
  4732 | D:5      | Noticed Prince Ribbit
  4733 | D:5      | Paralysed by Grinder for 3 turns
  4756 | D:5      | Paralysed by Grinder for 3 turns
  4758 | D:5      | HP: 2/60 [Grinder (2)]
  4758 | D:5      | Slain by a hound

Illustrated notes

Levels and vault maps discovered:
D:1:      dpeg_chamrin_arrival_tetris, layout_basic,
          hellmonk_ecumenical_altar_leap_of_faith
D:2:      layout_basic, nicolae_concentric_dashed_squares_wild
D:3:      layout_loops_ring, grunt_temple_overflow_growth_and_decay,
          nzn_hepliaklqana_mist_gate, uniq_sigmund, uniq_terence
D:4:      layout_basic, grunt_temple_overflow_order_and_chaos_1,
          nicolae_vehumet_radiance, kennysheep_slug_shrine, uniq_eustachio
D:5:      layout_basic, trog_book, mainiacjoe_overflow_chevrons,
          gammafunk_ghost_cemetery, nicolae_shop_fire_sale
          [nicolae_sub_dead_trees], uniq_crazy_yiuf_cottage, uniq_grinder,
          uniq_prince_ribbit1
D:6:      layout_cave_pools, minmay_temple_entry_junction_2
Temple:   chequers_temple_sunken

Skill      XL: |  1  2  3  4  5  6  7 |
---------------+----------------------+-----
Axes           | 3 4 5 6 7 9 |  9.3
Armour         | 4 5 |  5.1
Fighting       | 4 |  4.7
Shields        | 4 |  4.1

Action                     |  1- 3 |  4- 6 |  7- 9 || total
---------------------------+-------+-------+-------++-------
  Melee: War axe           |   122 |   130 |    55 ||   307
  Throw: Throwing net      |       |     2 |       ||     2
    Use: Potion            |     1 |       |       ||     1
 Armour: Chain mail        |   110 |   170 |    90 ||   370
  Dodge: Dodged            |    40 |    77 |    21 ||   138
  Block: Buckler           |    30 |    38 |    11 ||    79

Table legend: (Time is in decaauts)
 A = Elapsed time spent in this place.
 B = Non-inter-level travel time spent in this place.
 C = Inter-level travel time spent in this place.
 D = Time resting spent in this place.
 E = Time spent auto-exploring this place.
 F = Levels seen in this place.
 G = Mean time per level.
                   A        B        C        D        E       F      G
               +--------+--------+--------+--------+--------+-----+--------+
         Total |   4851 |   4674 |    177 |     42 |   3661 |   7 |  693.0 |
       Dungeon |   4772 |   4595 |    177 |      0 |   3661 |   6 |  795.3 |
        Temple |     78 |     78 |      0 |     42 |      0 |   1 |   78.0 |
               +--------+--------+--------+--------+--------+-----+--------+

Top non-repeatable levels by time:
     D:4: 1443 daAuts
     D:1: 1041 daAuts
     D:3: 1037 daAuts
     D:2: 796 daAuts
     D:5: 372 daAuts
     D:6: 81 daAuts
  Temple: 78 daAuts
